 Seeded DCSS version 0.30.1-9-gdf580d7c3d (webtiles) character file.

Game seed: 10807635437342793882 (custom seed)

1579 Psyclone the Destroyer (level 8, -8/41 HPs)
             Began as a Deep Elf Conjurer on Oct 7, 2023.
             Was an Initiate of Ashenzari.
             Killed from afar by a steam dragon (12 damage)
             ... with a ball of steam
             ... on level 6 of the Dungeon.
             The game lasted 00:10:49 (7127 turns).

Psyclone the Destroyer (Deep Elf Conjurer)          Turns: 7127, Time: 00:10:50

Health: -8/41      AC:  2    Str:  4    XL:     8   Next: 60%
Magic:  8/15       EV: 12    Int: 32    God:    Ashenzari [......]
Gold:   317        SH:  0    Dex: 10    Spells: 11/14 levels left

rFire   . . .        s - +3 short sword
rCold   + + +        (no shield)
rNeg    + . .        a - +0 robe
rPois   .            (no helmet)
rElec   .            (no cloak)
rCorr   .            (no gloves)
SInv    .            (no boots)
Will    ++++.        d - amulet "Share My Servitude" {Acrobat rC++ Will+++ Dex-3 Stlth-, Alch, Elem} (curse)
Stlth   +            c - ring "Cymiwn" {rC+ rN+ Will+ Int+6}
HPRegen 0.26/turn    (no ring)
MPRegen 0.14/turn

%: acrobat
@: no status effects
A: no striking features
a: Renounce Religion, Shatter the Chains


You were on level 6 of the Dungeon.
You worshipped Ashenzari.
Ashenzari was noncommittal.
You visited 2 branches of the dungeon, and saw 7 of its levels.

You collected 317 gold pieces.

Inventory:

Hand Weapons
 s - a +3 short sword (weapon)
Armour
 a - a +0 robe (worn)
Jewellery
 c - the ring "Cymiwn" (left hand) {rC+ rN+ Will+ Int+6}
   (You acquired it on level 1 of the Dungeon)

   [ring of intelligence]

   Int:       It affects your intelligence (+6).
   rC:        It protects you from cold.
   rN:        It protects you from negative energy.
   Will:      It increases your willpower.
 d - the cursed amulet "Share My Servitude" (around neck) {Acrobat rC++ Will+++ Dex-3 Stlth-, Alch, Elem}
   (You acquired it on level 1 of the Dungeon)

   [amulet of the acrobat]

   It increases your evasion while moving and waiting.
   Dex:       It affects your dexterity (-3).
   rC:        It greatly protects you from cold.
   Will:      It greatly increases your willpower.
   Stlth:     It makes you less stealthy.
   It has a curse which improves the following skills: Alchemy: Poison Magic and
   Transmutations.
   Elements:  Fire Magic, Ice Magic, Air Magic and Earth Magic.
Wands
 q - a wand of acid (9)
 w - a wand of iceblast (2)
Scrolls
 f - a scroll of immolation {unknown}
 h - a scroll of identify {unknown}
 j - a scroll of teleportation {unknown}
 m - a scroll of vulnerability {unknown}
 o - a scroll of noise {unknown}
 p - a scroll of poison {unknown}
 t - a scroll of enchant weapon {unknown}
Potions
 b - 2 potions of magic
 e - 2 potions of mutation {unknown}
 g - a potion of curing {unknown}
 i - 3 potions of lignification {unknown}
 k - 3 potions of flight {unknown}
 l - a potion of invisibility {unknown}
 n - 3 potions of heal wounds {unknown}
 r - a potion of cancellation {unknown}
 u - a potion of brilliance {unknown}
 v - a potion of might {unknown}


   Skills:
 - Level 3.1 Dodging
 - Level 3.2 Stealth
 - Level 3.6 Spellcasting
 + Level 12.2 Conjurations


You had 11 spell levels left.
You knew the following spells:

 Your Spells              Type           Power      Damage    Failure   Level
a - Magic Dart            Conj           100%       1d8       1%          1
b - Searing Ray           Conj           100%       2d8       1%          2

Your spell library contained the following spells:

 Spells                   Type           Power      Damage    Failure   Level
 Dazzling Flash           Conj/Hex       90%        N/A       1%          3
 Fulminant Prism          Conj/Hex       22%        3d12      4%          4
 Iskenderun's Mystic Bla  Conj/Tloc      45%        2d10      4%          4


Dungeon Overview and Level Annotations

Branches:
Dungeon (6/15) Zot: 26137  Temple (1/1) D:5 Zot: 5730

Altars:
Ashenzari
Cheibriados
Dithmenos
Elyvilon
Fedhas
Hepliaklqana
Kikubaaqudgha
Makhleb
Nemelex Xobeh
Okawaru
Qazlal
Ru
Sif Muna
Trog
Uskayaw
Vehumet
Xom
Yredelemnul
Zin
The Shining One

Shops:
D:2 :   D:4 :


Message History

Casting: Searing Ray (safe; 1% risk of failure)
Confirm with . or Enter, or press ? or * to list all spells.
Aiming: Searing Ray (safe; 1% risk of failure)
Press: ? - help, Shift-Dir - straight line, f - steam dragon
Aim: a steam dragon (83% to hit)
The searing ray hits the steam dragon.
The steam dragon is lightly wounded. (Press . to maintain the ray.)
The steam dragon bites you. The steam dragon claws you.
You take 5 damage, and have 36/41 hp.
You now have 13/15 mp.
The searing ray hits the steam dragon.
The steam dragon is lightly wounded.
The steam dragon breathes steam at you. The ball of steam hits you!
You take 8 damage, and have 28/41 hp.
You now have 12/15 mp.
The searing ray hits the steam dragon.
The steam dragon is moderately wounded.
You are engulfed in a cloud of scalding steam.
The steam dragon bites you.
The steam dragon claws you but does no damage.
You take 7 damage, and have 21/41 hp.
You now have 11/15 mp.
The searing ray hits the steam dragon!
The steam dragon is heavily wounded.
You finish channelling your searing ray.
You are engulfed in a cloud of scalding steam.
* * * LOW HITPOINT WARNING * * *
The steam dragon completely misses you. The steam dragon claws you.
* * * LOW HITPOINT WARNING * * *
You take 17 damage, and have 4/41 hp.
MASSIVE DAMAGE!!
You now have 10/15 mp.
Casting: Searing Ray (safe; 1% risk of failure)
Confirm with . or Enter, or press ? or * to list all spells.
Aiming: Searing Ray (safe; 1% risk of failure)
Press: ? - help, Shift-Dir - straight line, f/p - steam dragon
Aim: a steam dragon (heavily wounded, 83% to hit)
The searing ray hits the steam dragon!
The steam dragon is severely wounded. (Press . to maintain the ray.)
The steam dragon breathes steam at you. The ball of steam hits you!
You die...

##.##............##
#.########..)....# #.#
#....##.# ##+##
####.#(....# #...##
#......###.#
.....###.##...# .#
......##.##...###.#
.......#.##§...§§.#####.
.......'.†.§...§@D......
.......#.#.§..##########
......##.#.#.##
.....###.#.#.# #.[.##
#.....# ##'## ###.###
#.# #.# ##.# #.#
##.#######.#


You could see a steam dragon (catching breath).

Vanquished Creatures
  A water moccasin (D:6)
  2 sky beasts (D:6)
  2 ice beasts (D:6)
  A black bear (D:6)
  3 ogres
  A gnoll sergeant (D:5)
  3 scorpions (D:5)
  2 jellies
  2 orc priests (D:5)
  A gnoll bouda (D:4)
  3 iguanas
  An orc wizard (D:5)
  11 gnolls
  3 adders
  A shadow imp (D:5)
  A white imp (D:6)
  3 ufetubi
  2 worms (D:2)
  3 dart slugs
  8 orcs
  5 bats
  11 endoplasms
  6 giant cockroaches
  6 goblins
  8 hobgoblins
  2 jackals (D:1)
  3 kobolds
  4 quokkas
  12 ball pythons
  3 frilled lizards
  6 rats
  A spectral goblin (D:1)
121 creatures vanquished.

Notes
Turn   | Place    | Note
-------+----------+-------------------------------------------
     0 | D:1      | Psyclone the Deep Elf Conjurer began the quest for the Orb.
     0 | D:1      | Reached XP level 1. HP: 10/10 MP: 6/6
    46 | D:1      | Identified 2 scrolls of acquirement
    46 | D:1      | Acquired the amulet of Gofues {Acrobat rC++ Will+++ Dex-3
                  | Stlth-}
   185 | D:1      | Acquired the ring "Cymiwn" {rC+ rN+ Will+ Int+6}
   497 | D:1      | Reached XP level 2. HP: 15/15 MP: 6/8
   700 | D:1      | Learned a level 2 spell: Searing Ray
   702 | D:1      | Found a faded altar of an unknown god.
  1299 | D:2      | Reached XP level 3. HP: 19/19 MP: 7/10
  1895 | D:2      | Reached skill level 5 in Conjurations
  2267 | D:2      | Found Zitt's Book Emporium.
  2287 | D:2      | Reached XP level 4. HP: 24/24 MP: 7/11
  2885 | D:3      | Reached skill level 6 in Conjurations
  3121 | D:3      | Found a glowing golden altar of the Shining One.
  3652 | D:4      | Reached XP level 5. HP: 28/28 MP: 4/12
  3742 | D:4      | Found Gaiguec's Book Boutique.
  3906 | D:4      | Noticed an ogre
  3911 | D:4      | Killed an ogre
  3912 | D:4      | Reached skill level 7 in Conjurations
  3994 | D:4      | Reached XP level 6. HP: 32/32 MP: 4/13
  4367 | D:5      | Entered Level 5 of the Dungeon
  4374 | D:5      | Reached skill level 8 in Conjurations
  4581 | D:5      | Found a staircase to the Ecumenical Temple.
  4594 | D:5      | Reached XP level 7. HP: 32/36 MP: 2/14
  4599 | Temple   | Entered the Ecumenical Temple
  4605 | Temple   | Became a worshipper of Ashenzari the Shackled
  4877 | D:5      | Reached skill level 9 in Conjurations
  5932 | D:5      | Reached skill level 10 in Conjurations
  6540 | D:6      | Reached XP level 8. HP: 41/41 MP: 5/15
  6653 | D:6      | Reached skill level 11 in Conjurations
  6975 | D:6      | Reached skill level 12 in Conjurations
  7127 | D:6      | Killed from afar by a steam dragon

Illustrated notes

Levels and vault maps discovered:
D:1:      mushboom_english_gardens, layout_basic,
          dreamdust_ecumenical_altar_drowned_temple
D:2:      layout_loops_ring, serial_shops, shop, minmay_pentomino_p4
D:3:      wad_crossroads, layout_basic, mainiacjoe_overflow_surrounded_room
D:4:      layout_basic, serial_shops, shop_statue
D:5:      layout_layer_cave, minmay_temple_entry_sparse_star
D:6:      layout_loops_corners, kennysheep_generic_room_4
Temple:   nicolae_temple_bog_church

Skill      XL: |  1  2  3  4  5  6  7  8 |
---------------+-------------------------+-----
Stealth        | 3 |  3.2
Dodging        | 3 |  3.1
Conjurations   | 5 6 7 8 10 12 | 12.2
Spellcasting   | |  3.6

Action                     |  1- 3 |  4- 6 |  7- 9 || total
---------------------------+-------+-------+-------++-------
  Melee: Short sword       |       |    10 |     3 ||    13
   Cast: Magic Dart        |    84 |    90 |    39 ||   213
         Searing Ray       |     5 |    14 |    19 ||    38
 Invoke: Curse Item        |       |       |     1 ||     1
    Use: Scroll            |     2 |       |       ||     2
 Armour: Robe              |     1 |     4 |     3 ||     8
  Dodge: Dodged            |     4 |    20 |    24 ||    48
